 Dungeon Crawl Stone Soup version 0.32-a0-558-g233958a (webtiles) character file.

Game seed: 10494031742269048175

6008 sdynet the Fighter (level 10, -7/138 HPs)
             Began as a Demonspawn Berserker on Feb 29, 2024.
             Was an Elder of Trog.
             Mangled by a cyclops (23 damage)
             ... on level 9 of the Dungeon.
             The game lasted 00:17:22 (8089 turns).

sdynet the Fighter (Demonspawn Berserker)           Turns: 8089, Time: 00:17:22

Health: -7/138     AC:  8    Str: 26    XL:     10   Next: 56%
Magic:  10/10      EV: 19    Int: 11    God:    Trog [****..]
Gold:   163        SH:  0    Dex: 13    Spells: 9/9 levels left

rFire   . . .        b - +3 war axe (freeze)
rCold   . . .        q - orb {light}
rNeg    + . .        u - +0 robe of Urroykkat {rPois Will+}
rPois   +            (no helmet)
rElec   .            B - +0 cloak {rPois}
rCorr   .            v - +2 pair of gloves
SInv    .            A - +0 pair of boots
Will    +++..        (no amulet) Stlth
                     j - ring of positive energy
HPRegen 1.43/turn    y - +6 ring of strength
MPRegen 0.12/turn

%: no passive effects
@: mighty, agile, berserking (expiring), strong-willed, regenerating, glowing,
unable to drink, very quick
A: claws 1, powered by pain 2, spiny 2, sharp scales 1, clever 1, inability to
drink after injury 1
a: Renounce Religion, Berserk, Trog's Hand, Brothers in Arms


You were on level 9 of the Dungeon.
You worshipped Trog.
Trog was greatly pleased with you.
You visited 2 branches of the dungeon, and saw 10 of its levels.

You collected 419 gold pieces.
You spent 256 gold pieces at shops.

Inventory:

Hand Weapons
 a - a +2 battleaxe of freezing
 b - a +3 war axe of freezing (weapon)
 G - a +0 spear of venom
Missiles
 c - 3 atropa-tipped darts (quivered)
 t - a throwing net
 x - 5 javelins
Armour
 f - a +0 chain mail
 q - an orb of light (worn)
 u - the +0 robe of Urroykkat (worn) {rPois Will+}
   (You found it on level 5 of the Dungeon)

   rPois:     It protects you from poison Will+: It increases your willpower.
 v - a +2 pair of gloves (worn)
 A - a +0 pair of boots (worn)
 B - a +0 cloak of poison resistance (worn)
 H - a +1 ring mail of cold resistance
Jewellery
 j - a ring of positive energy (left hand)
 y - a +6 ring of strength (right hand)
Talismans
 J - a maw talisman
Wands
 l - a wand of flame (53)
 s - a wand of iceblast (9)
 w - a wand of light (1)
 F - a wand of paralysis (4)
 X - a wand of mindburst (8)
Scrolls
 d - 4 scrolls of teleportation {!r}
 e - a scroll of revelation {!r}
 g - a scroll of immolation
 k - 2 scrolls of fear {!r}
 n - 3 scrolls of enchant armour
 o - 2 scrolls of blinking
 r - a scroll of vulnerability {unknown}
 z - a scroll of poison {unknown}
 D - a scroll of summoning {unknown}
Potions
 h - a potion of enlightenment {!q!q}
 i - a potion of resistance {unknown}
 m - a potion of magic {unknown}
 p - 5 potions of curing {!q}
 C - a potion of cancellation {!q}
 I - a potion of heal wounds {unknown}


   Skills:
 + Level 13.6 Fighting
 - Level 6.0 Axes
 - Level 2.0 Armour
 - Level 6.0 Dodging
 - Level 1.0 Stealth


You had 9 spell levels left.
You didn't know any spells.
Your spell library was empty.

Dungeon Overview and Level Annotations

Branches:
Dungeon (9/15)             Temple (1/1) D:6
   Lair: D:8-11         Orc: D:9-12

Altars:
Cheibriados
Dithmenos
Fedhas
Gozag
Hepliaklqana
Kikubaaqudgha
Makhleb
Nemelex Xobeh
Okawaru
Qazlal
Ru
Sif Muna
Trog
Uskayaw
Vehumet
Wu Jian
Xom
Yredelemnul

Shops:
D:4 (   D:5 *=

Annotations:
D:8 1 runed translucent door, exclusion: door


Innate Abilities, Weirdness & Mutations

You have sharp fingernails.
You sometimes gain power by taking damage.
You are mostly covered in sharp spines.
You are partially covered in razor-sharp scales. (AC +1, Slay +1)
Your mind is acute. (Int +4, Str/Dex -1)
You occasionally lose the ability to drink potions when taking damage.


Message History

The shadow imp shouts, "Get thee gone, thou worthless flap-mouthed vulture!"
You slash the cyclops! You freeze the cyclops.
The cyclops is severely wounded.
You closely miss the kobold demonologist.
The kobold demonologist barely misses you.
The cyclops is struck by your spines.
The cyclops hits you but does no damage.
You slash the cyclops! You freeze the cyclops.
The cyclops is almost dead.
You slice the kobold demonologist!! You freeze the kobold demonologist.
You kill the kobold demonologist!
Trog accepts your kill.
Trog appreciates your killing of a magic user.
The shadow imp disappears in a puff of smoke!
The white imp disappears in a puff of smoke!
You barely miss the red ugly thing.
A wight comes into view. It is wielding a +4 dagger of freezing.
The red ugly thing is struck by your spines.
The red ugly thing stings you but does no damage.
You slice the cyclops!! You freeze the cyclops.
You kill the cyclops!
Trog accepts your kill.
You slash the red ugly thing! You freeze the red ugly thing.
You slash the red ugly thing! You freeze the red ugly thing.
The red ugly thing is severely wounded.
You slash the cyclops! You freeze the cyclops.
The red ugly thing is struck by your spines.
The red ugly thing stings you!
* * * LOW HITPOINT WARNING * * *
You focus on the pain.
You feel agile all of a sudden.
You are engulfed in flames!
* * * LOW HITPOINT WARNING * * *
You slice the red ugly thing!! You freeze the red ugly thing.
You kill the red ugly thing!
Trog accepts your kill.
You hit the cyclops. You freeze the cyclops.
You hear an angry hiss.
The cyclops hits you!!
You die...

#..##.#..#..### .#
###.†#.#.#####.. #
#.....##)##...##
#.....#.##.#...# .
.........#..#..#.#
###.#
###......#..#...#
#... #
#..#....##.#.###(.
..#
#..#....##.##.#†#...#
#.......###.##@(z#
#.###...# ..#C#.(#
#... .##.. #(# ..
##.#.# .# # #. #. #


You could see a cyclops and a wight.

Vanquished Creatures
  A centaur warrior (D:9)
  An ugly thing (D:9)
  A cyclops (D:9)
  Maurice (D:7)
  A kobold demonologist (D:9)
  A hornet (D:8)
  Prince Ribbit (D:9)
  A slime creature (D:9)
  2 wyverns (D:9)
  A steam dragon (D:6)
  Duvessa (D:7)
  A water moccasin (D:7)
  An orc warrior (D:7)
  A sky beast (D:8)
  An ice beast (D:6)
  A black bear (D:5)
  4 centaurs
  A kobold brigand (D:7)
  5 bullfrogs
  A scorpion (D:5)
  9 wights (D:8)
  Dowan (D:7)
  5 killer bees (D:9)
  3 howler monkeys (D:7)
  A bombardier beetle (D:5)
  5 jellies
  5 iguanas
  6 orc priests
  2 hounds (D:5)
  A gnoll bouda (D:6)
  A sleepcap (D:8)
  13 orc wizards
  11 gnolls
  6 adders
  A shadow imp (D:8)
  A white imp (D:7)
  6 dart slugs
  2 ribbon worms
  33 orcs
  3 bats
  5 endoplasms
  3 giant cockroaches
  5 goblins
  6 hobgoblins
  3 jackals (D:2)
  4 quokkas
  14 ball pythons
  4 frilled lizards
  12 kobolds
  3 rats
202 creatures vanquished.

Notes
Turn   | Place    | Note
-------+----------+-------------------------------------------
     0 | D:1      | sdynet the Demonspawn Berserker began the quest for the
                  | Orb.
     0 | D:1      | Reached XP level 1. HP: 18/18 MP: 1/1
   110 | D:1      | Gained mutation: You sometimes gain a little power by
                  | taking damage. [demonic ancestry]
   110 | D:1      | Reached XP level 2. HP: 11/24 MP: 2/2
  1166 | D:2      | Gained mutation: You are partially covered in sharp spines.
                  | [demonic ancestry]
  1166 | D:2      | Reached XP level 3. HP: 26/29 MP: 3/3
  1277 | D:2      | Reached ** piety under Trog
  1667 | D:3      | Reached skill level 4 in Fighting
  1667 | D:3      | Gained mutation: You are partially covered in razor-sharp
                  | scales. (AC +1, Slay +1) [demonic ancestry]
  1667 | D:3      | Reached XP level 4. HP: 23/38 MP: 4/4
  1801 | D:3      | Noticed a golden eye
  1803 | D:3      | Found a faded altar of an unknown god.
  1804 | D:3      | Noticed a golden eye
  1804 | D:3      | Noticed a great orb of eyes
  1804 | D:3      | Noticed a golden eye
  1861 | D:3      | Reached skill level 5 in Fighting
  2060 | D:3      | Gained mutation: You are mostly covered in sharp spines.
                  | [demonic ancestry]
  2060 | D:3      | Reached XP level 5. HP: 44/44 MP: 5/5
  2447 | D:4      | Found Voaciuv's Antique Weapon Boutique.
  2485 | D:4      | Reached skill level 6 in Fighting
  2602 | D:4      | Gained mutation: You sometimes gain power by taking damage.
                  | [demonic ancestry]
  2602 | D:4      | Reached XP level 6. HP: 40/52 MP: 6/6
  2734 | D:4      | Reached *** piety under Trog
  3047 | D:5      | Entered Level 5 of the Dungeon
  3140 | D:5      | Found Lam Woha's Jewellery Shoppe.
  3189 | D:5      | Reached skill level 5 in Axes
  3273 | D:5      | Identified the +0 robe of Urroykkat {rPois Will+}
  3393 | D:5      | Reached XP level 7. HP: 44/58 MP: 7/7
  4043 | D:5      | Found Ostryipi's General Store.
  4047 | D:5      | Bought a wand of light (2) for 92 gold pieces
  4047 | D:5      | Bought a scroll of blinking for 82 gold pieces
  4047 | D:5      | Bought a scroll of enchant armour for 82 gold pieces
  4461 | D:6      | Reached skill level 1 in Stealth
  4469 | D:6      | Reached skill level 7 in Fighting
  4515 | D:6      | Reached **** piety under Trog
  4531 | D:6      | Reached XP level 8. HP: 35/67 MP: 8/8
  4705 | D:6      | Found a basalt altar of Yredelemnul.
  4706 | D:6      | Found a bloodstained altar of Trog.
  4706 | D:6      | Found a stormy altar of Qazlal.
  4727 | D:6      | Found a staircase to the Ecumenical Temple.
  4736 | Temple   | Entered the Ecumenical Temple
  5221 | D:6      | Reached skill level 8 in Fighting
  5221 | D:6      | Reached skill level 5 in Dodging
  5739 | D:7      | Noticed Maurice
  5748 | D:7      | Maurice stole 5 javelins
  5751 | D:7      | Killed Maurice
  5752 | D:7      | Reached skill level 9 in Fighting
  5752 | D:7      | Gained mutation: You have sharp fingernails. [demonic
                  | ancestry]
  5752 | D:7      | Reached XP level 9. HP: 76/76 MP: 5/9
  5904 | D:7      | Noticed Duvessa
  5904 | D:7      | Noticed Dowan
  5920 | D:7      | Killed Duvessa
  5924 | D:7      | Killed Dowan
  6106 | D:7      | Reached skill level 10 in Fighting
  6734 | D:8      | Paralysed by a hornet for 2 turns
  6893 | D:8      | Reached skill level 11 in Fighting
  7033 | D:8      | Found a runed translucent door.
  7181 | D:8      | Noticed a sixfirhy
  7972 | D:9      | Noticed Prince Ribbit
  7977 | D:9      | Reached XP level 10. HP: 89/89 MP: 10/10
  7981 | D:9      | Reached skill level 12 in Fighting
  7988 | D:9      | Killed Prince Ribbit
  8068 | D:9      | Noticed a centaur warrior
  8071 | D:9      | Noticed a cyclops
  8073 | D:9      | Killed a centaur warrior
  8074 | D:9      | Noticed a cyclops
  8075 | D:9      | Gained mutation: Your mind is acute. (Int +4, Str/Dex -1)
                  | [potion of mutation]
  8075 | D:9      | Gained mutation: You occasionally lose the ability to drink
                  | potions when taking damage. [potion of mutation]
  8080 | D:9      | Reached skill level 13 in Fighting
  8081 | D:9      | Noticed a red ugly thing
  8087 | D:9      | Killed a cyclops
  8089 | D:9      | Killed a red ugly thing
  8089 | D:9      | Mangled by a cyclops

Illustrated notes

Levels and vault maps discovered:
D:1:      amcnicky_arrival_blooded_trapdoor, layout_loops_ring
D:2:      layout_basic, minmay_indecisive_spiral
D:3:      layout_loops_ring, hellmonk_ecumenical_altar_watching_god,
          nicolae_concentric_dashed_squares_wild,
          minmay_fractal_squares_diagonal_5
D:4:      layout_rooms, serial_shops, nicolae_stop_n_shop_2
D:5:      layout_basic, serial_shops, nicolae_shop_back_alley_shop,
          nicolae_diamond_shop
D:6:      minmay_flawed_box, layout_loops_ring,
          gammafunk_temple_overflow_forgotten, minmay_temple_entry_glass,
          chequers_mini_garden
D:7:      layout_basic, chequers_serial_rivers_micro_d, grunt_ministairs_8,
          uniq_maurice, uniq_duvessa
D:8:      cheibrodos_shockbox, layout_layer_cave
D:9:      minmay_ornate_pinched, layout_loops_corners, gammafunk_ghost_ooze,
          uniq_prince_ribbit1
Temple:   dpeg_five_rooms_temple

Skill      XL: |  1  2  3  4  5  6  7  8  9 10 |
---------------+-------------------------------+-----
Axes           | 3 5 6 |  6.0
Fighting       | 4 5 6 7 9 11 13 | 13.6
Armour         | 2 |  2.0
Dodging        | 2 4 6 |  6.0
Stealth        | 1 |  1.0

Action                     |  1- 3 |  4- 6 |  7- 9 | 10-12 || total
---------------------------+-------+-------+-------+-------++-------
  Melee: Hand axe          |    77 |       |       |       ||    77
         Spear             |    18 |   131 |   236 |       ||   385
         War axe           |       |       |    21 |    27 ||    48
  Throw: Dart              |     1 |     5 |     8 |       ||    14
 Invoke: Berserk           |     2 |       |     5 |     1 ||     8
         Trog's Hand       |       |       |     3 |     1 ||     4
  Evoke: Wand              |       |       |     3 |       ||     3
    Use: Scroll            |     4 |       |     3 |       ||     7
         Potion            |     1 |       |     1 |     1 ||     3
   Stab: Invisible         |       |     1 |       |       ||     1
         Confused          |       |       |     1 |       ||     1
         Sleeping          |       |       |     1 |       ||     1
 Armour: Animal skin       |    22 |       |       |       ||    22
         Ring mail         |    36 |       |       |       ||    36
         Chain mail        |    11 |    42 |       |       ||    53
         Robe              |       |    10 |   109 |    28 ||   147
  Dodge: Dodged            |    58 |    31 |   123 |    15 ||   227

Table legend: (Time is in decaauts)
 A = Elapsed time spent in this place.
 B = Non-inter-level travel time spent in this place.
 C = Inter-level travel time spent in this place.
 D = Time resting spent in this place.
 E = Time spent auto-exploring this place.
 F = Levels seen in this place.
 G = Mean time per level.
                   A        B        C        D        E       F      G
               +--------+--------+--------+--------+--------+-----+--------+
         Total |   8151 |   7446 |    705 |     68 |   6004 |  10 |  815.1 |
       Dungeon |   8149 |   7444 |    705 |     68 |   6004 |   9 |  905.4 |
        Temple |      1 |      1 |      0 |      0 |      0 |   1 |    1.0 |
               +--------+--------+--------+--------+--------+-----+--------+

Top non-repeatable levels by time:
     D:8: 1409 daAuts
     D:5: 1270 daAuts
     D:6: 1192 daAuts
     D:7: 1047 daAuts
     D:1: 961 daAuts
     D:3: 853 daAuts
     D:2: 676 daAuts
     D:4: 638 daAuts
     D:9: 100 daAuts
  Temple: 1 daAuts
